 Dungeon Crawl Stone Soup version 0.28.0-1-gb440e238dd (webtiles) character file.

Game seed: 4654274161300974716

171 DrunkBamboolord the Gusty (level 5, -1/28 HPs)
             Began as a Tengu Air Elementalist on Feb 27, 2022.
             Killed from afar by an orc wizard (7 damage)
             ... with a magic dart
             ... on level 3 of the Dungeon.
             The game lasted 00:05:19 (3462 turns).

DrunkBamboolord the Gusty (Tengu Air Elementalist)  Turns: 3462, Time: 00:05:19

Health: -1/28      AC:  2    Str:  8    XL:     5   Next: 51%
Magic:  0/10       EV: 15    Int: 18    God:
Gold:   134        SH:  0    Dex: 14    Spells: 0/10 levels left

rFire   . . .      SeeInvis .   (no weapon)
rCold   . . .      Faith    .   (no shield)
rNeg    . . .      Spirit   .   a - +0 robe
rPois   .          Reflect  .   (helmet restricted)
rElec   .          Harm     .   (no cloak)
rCorr   .          Rampage  .   (no gloves)
Will    .....                   (boots unavailable)
Stlth   ++........              (no amulet)
HPRegen 0.09/turn               (no ring)
MPRegen 0.12/turn               (no ring)

@: flying quickly and evasively, quick
A: beak, talons 3, nimble flight
a: no special abilities


You were on level 3 of the Dungeon.
You visited 1 branch of the dungeon, and saw 3 of its levels.

You collected 134 gold pieces.

Inventory:

Armour
 a - a +0 robe (worn)
Scrolls
 c - 3 scrolls of noise {unknown}
 h - a scroll of identify {unknown}
Potions
 b - a potion of haste {unknown}
 d - a potion of degeneration {unknown}
 e - a potion of heal wounds {unknown}
 f - a potion of flight {unknown}


   Skills:
 * Level 3.0 Dodging
 + Level 2.1 Stealth
 * Level 3.3 Spellcasting
 * Level 3.5 Conjurations
 * Level 5.3 Air Magic


You couldn't memorise any spells.
You knew the following spells:

 Your Spells              Type           Power      Damage    Failure   Level
a - Shock                 Conj/Air       72%        1d7       2%          1
b - Static Discharge      Conj/Air       18%        N/A       3%          2
c - Airstrike             Air            11%        N/A       17%         4
d - Swiftness             Air            22%        N/A       5%          3

Your spell library contained the following spells:

 Spells                   Type           Power      Damage    Failure   Level


Dungeon Overview and Level Annotations

Branches:
Dungeon (3/15)

Altars:
Sif Muna


Innate Abilities, Weirdness & Mutations

You have a beak for a mouth.
You have claws for feet.
Your magical nature lets you fly swiftly and evasively.


Message History

Unknown command.
You're too confused to cast spells.
You bump into the rock wall.
Something hits you.
You miss something. You peck something. Something barely misses you.
You bump into the rock wall.
Something barely misses you.
It was a potion of curing.
You feel better. Something hits you.
Aiming: Shock (safe; 2% risk of failure)
Press: ? - help, Q - select action, (/) - cycle Shift-Dir - straight line The zap hits something.
Something barely misses you.
Aiming: Shock (safe; 2% risk of failure)
Press: ? - help, Q - select action, (/) - cycle Shift-Dir - straight line The zap hits something but does no damage.
Something hits you.
Aiming: Shock (safe; 2% risk of failure)
Press: ? - help, Q - select action, (/) - cycle Shift-Dir - straight line Something hits you.
Aiming: Shock (safe; 2% risk of failure)
Press: ? - help, Q - select action, (/) - cycle Shift-Dir - straight line Unknown command.
Things that are here:
a +0 dagger; 2 stones; a kobold corpse A magic dart appears from out of thin air!
The magic dart hits you.
You see here a quokka corpse.
Things that are here:
a +0 trident; an orc corpse
Aiming: Shock (safe; 2% risk of failure)
Press: ? - help, Q - select action, (/) - cycle Shift-Dir - straight line The zap hits something. x2
A puff of flame appears from out of thin air!
The puff of flame misses you.
Unknown command.
A magic dart appears from out of thin air!
The magic dart hits you!
* * * LOW HITPOINT WARNING * * *
You see here a ball python corpse.
A magic dart appears from out of thin air!
The magic dart hits you!
You die...

######### #.......#
#####)#####.######
#..)..# #.......
#.##### ######## #.#
#@# ## #.# . #†######
#.#).....##
#.#†.......
#.......... ..#
###.####.## ..# .#
#######{####.###..##.#
........).{..#.......


There were no monsters in sight!

Vanquished Creatures
  An iguana (D:2)
  An orc wizard (D:3)
  A hound skeleton (D:2)
  Robin (D:2)
  An adder (D:2)
  5 dart slugs
  3 orcs (D:3)
  5 endoplasms
  A giant cockroach (D:2)
  10 goblins
  8 hobgoblins
  3 quokkas
  10 ball pythons
  8 bats
  3 frilled lizards
  4 kobolds
  8 rats
73 creatures vanquished.

Notes
Turn   | Place    | Note
-------+----------+-------------------------------------------
     0 | D:1      | DrunkBamboolord the Tengu Air Elementalist began the quest
                  | for the Orb.
     0 | D:1      | Reached XP level 1. HP: 10/10 MP: 4/4
   309 | D:1      | Reached XP level 2. HP: 15/15 MP: 4/6
  1042 | D:1      | Learned a level 2 spell: Static Discharge
  1174 | D:2      | Reached XP level 3. HP: 19/19 MP: 4/7
  1715 | D:2      | Noticed Robin
  1804 | D:2      | Killed Robin
  1805 | D:2      | Reached XP level 4. HP: 21/24 MP: 0/9
  1905 | D:2      | Learned a level 4 spell: Airstrike
  2041 | D:2      | Found a shimmering blue altar of Sif Muna.
  2180 | D:2      | Reached skill level 5 in Air Magic
  2650 | D:2      | Gained mutation: Your magical nature lets you fly swiftly
                  | and evasively. [Tengu growth]
  2650 | D:2      | Reached XP level 5. HP: 19/28 MP: 5/10
  2836 | D:2      | Found a faded altar of an unknown god.
  2841 | D:2      | Learned a level 3 spell: Swiftness
  3462 | D:3      | Killed from afar by an orc wizard

Illustrated notes

Levels and vault maps discovered:
D:1:      tarquinn_simple_flora_water_c, layout_basic, dk_noncrumbling_4,
          minmay_misc_feat_columns
D:2:      layout_loops_corners, basic_altar,
          hellmonk_ecumenical_altar_arch_garden, minmay_bisected, uniq_robin
D:3:      layout_loops_ring

Skill      XL: |  1  2  3  4  5 |
---------------+----------------+-----
Conjurations   | 2 3 |  3.5
Spellcasting   | 3 |  3.3
Air Magic      | 5 |  5.3
Dodging        | 3 |  3.0
Stealth        | |  2.1

Action                   |  1- 3 |  4- 6 || total
-------------------------+-------+-------++-------
Melee: Unarmed           |     9 |    11 ||    20
       Peck              |     2 |     3 ||     5
       Kick              |     2 |     3 ||     5
 Cast: Shock             |    62 |    87 ||   149
  Use: Potion            |       |     1 ||     1
Armor: Robe              |     2 |     1 ||     3
Dodge: Dodged            |    24 |    17 ||    41
